 Dungeon Crawl Stone Soup version 0.25.1-2-g60ff931df9 (webtiles) character file.

Game seed: 6995328051884103459

58 DildoBatman the Conjurer (level 4, -3/30 HPs)
             Began as a Formicid Wizard on Oct 26, 2020.
             Slain by Sigmund
             ... wielding a +0 scythe
              (10 damage)
             ... on level 6 of the Dungeon.
             The game lasted 00:04:55 (2116 turns).

DildoBatman the Conjurer (Formicid Wizard)          Turns: 2116, Time: 00:04:56

Health: -3/30      AC:  3    Str: 12    XL:     4   Next: 20%
Magic:  4/8        EV: 12    Int: 18    God:
Gold:   58         SH:  0    Dex:  9    Spells: 2/9 levels left

rFire    . . .     SeeInvis +   a - +0 flail
rCold    . . .     Gourm    .   (no shield)
rNeg     . . .     Faith    .   p - +0 robe
rPois    .         Spirit   .   (helmet unavailable)
rElec    .         Reflect  .   (no cloak)
rCorr    .         Harm     .   n - +0 pair of gloves
MR       +....                  (no boots)
Stlth    ++........             (no amulet)
HPRegen  0.10/turn              i - ring of protection from magic
MPRegen  0.11/turn              (no ring)

@: marked
A: permanent stasis, dig shafts and tunnels, four strong arms, antennae 3
a: Dig, Shaft Self


You were on level 6 of the Dungeon.
You were not hungry.

You visited 1 branch of the dungeon, and saw 4 of its levels.

You collected 58 gold pieces.

Inventory:

Hand Weapons
 a - a +0 flail (weapon)
 b - a +0 dagger
 r - a +0 hunting sling
Missiles
 f - 22 sling bullets
 g - 138 stones (quivered)
 j - 15 poisoned darts
 k - 4 boomerangs
 m - 61 arrows
Armour
 n - a +0 pair of gloves (worn)
 p - a +0 robe (worn)
Jewellery
 i - a ring of protection from magic (left hand)
Scrolls
 c - 2 scrolls of teleportation {unknown}
 e - 3 scrolls of identify {unknown}
 h - 2 scrolls of fear {unknown}
 l - 2 scrolls of remove curse {unknown}
 o - a scroll of amnesia {unknown}
Potions
 d - a potion of curing {unknown}
Comestibles
 q - 3 chunks of flesh
 v - 3 rations


   Skills:
 - Level 1.7 Dodging
 - Level 2.4 Stealth
 - Level 3.2 Spellcasting
 * Level 3.3 Conjurations
   Level 1.0 Summonings
   Level 0.8 Translocations


You had 2 spell levels left.
You knew the following spells:

 Your Spells              Type           Power        Failure   Level  Hunger
a - Conjure Flame         Conj/Fire      #.......     24%         3    ###....
c - Magic Dart            Conj           ###.         4%          1    None
e - Mephitic Cloud        Conj/Pois/Air  #.......     30%         3    ###....

Your spell library contained the following spells:

 Spells                   Type           Power        Failure   Level  Hunger
 Call Imp                 Summ           #.......     16%         2    ##.....
 Slow                     Hex            #.......     24%         2    ##.....
 Blink                    Tloc           Unusable     N/A         2    N/A

Dungeon Overview and Level Annotations

Branches:
Dungeon (3/15)

Altars:
Cheibriados

Annotations:
D:1 exclusion: worm
D:2 1 exclusion
D:6 Sigmund


Innate Abilities, Weirdness & Mutations

You cannot be hasted, slowed, berserked, paralysed or teleported.
You can dig through walls and to a lower floor.
Your four strong arms can wield two-handed weapons with a shield.
You have a pair of large antennae on your head. (SInv)


Message History

t - Shout!
Orders for allies: a - Attack new target. r - Retreat! s - Stop attacking. g - Guard the area. f - Follow me.
Anything else - Cancel.
You shout for attention!
The giant cockroach closely misses you.
Sigmund points at you and mumbles some strange words.
You resist with almost no effort. What are your orders? t - Shout!
Orders for allies: a - Attack new target. r - Retreat! s - Stop attacking. g - Guard the area. f - Follow me.
Anything else - Cancel.
You shout for attention!
The giant cockroach bites you.
The giant cockroach bites you but does no damage.
Sigmund hits you from afar with a +0 scythe!
You die...

############ .
#..........# ..
#.....@....+ ...
#......s@..##....
#..$..........#
#.....!.....#.#
#.......)...#
#...........#
#...........#
#############


You could see Sigmund and a giant cockroach.

Vanquished Creatures
  A hound skeleton (D:3)
  An adder (D:3)
  2 leopard geckos (D:2)
  3 orcs (D:3)
  5 goblins
  2 hobgoblins (D:1)
  2 jackals
  3 kobolds (D:1)
  A quokka (D:3)
  A ball python (D:1)
  A frilled lizard (D:2)
  7 rats
29 creatures vanquished.

Notes
Turn   | Place    | Note
-------+----------+-------------------------------------------
     0 | D:1      | DildoBatman the Formicid Wizard began the quest for the
                  | Orb.
     0 | D:1      | Reached XP level 1. HP: 13/13 MP: 4/4
    32 | D:1      | Reached skill level 1 in Conjurations
   573 | D:1      | Reached XP level 2. HP: 19/19 MP: 1/6
  1367 | D:2      | Reached XP level 3. HP: 24/24 MP: 4/7
  1372 | D:2      | Learned a level 3 spell: Conjure Flame
  1376 | D:2      | Learned a level 3 spell: Mephitic Cloud
  1478 | D:2      | Found a snail-covered altar of Cheibriados.
  2077 | D:3      | Reached XP level 4. HP: 4/30 MP: 0/8
  2090 | D:3      | You fall into a shaft and drop 3 floors!
  2106 | D:6      | Noticed Sigmund
  2116 | D:6      | Slain by Sigmund

Illustrated notes

Levels and vault maps discovered:
D:1:      heliophobic_arrival_battle_scene, layout_loops_ring,
          minmay_crystal_water, minmay_unequal
D:2:      layout_loops_ring, cheibriados_altar_1
D:3:      layout_rooms, chequers_ecumenical_altar_simple_redux,
          minmay_misc_feat_iff, minmay_misc_feat_plants,
          kennysheep_generic_room_9
D:6:      layout_basic, amethyst_killhole, nicolae_ashenzari_panopticon,
          uniq_crazy_yiuf_cottage, uniq_pikel, uniq_menkaure, uniq_sigmund

Skill      XL: |  1  2  3 |
---------------+----------+-----
Conjurations   | 1 2 3 |  3.3
Dodging        | |  1.7
Stealth        | |  2.4
Spellcasting   | |  3.2
Summonings     | |  1.0
Translocations | |  0.8

Action                   |  1- 3 |  4- 6 || total
-------------------------+-------+-------++-------
Melee: Dagger            |     8 |       ||     8
       Flail             |    10 |       ||    10
Throw: Stone             |     4 |       ||     4
 Cast: Magic Dart        |    72 |     1 ||    73
 Abil: Dig               |     2 |       ||     2
       Shaft Self        |       |     1 ||     1
  Eat: Chunk             |     3 |     1 ||     4
Armor: Robe              |    12 |     1 ||    13
Dodge: Dodged            |    32 |     2 ||    34
